 Dungeon Crawl Stone Soup version 0.26-a0-682-g294304f6e8 (webtiles) character file.

Game seed: 17547480978651297369

37 Kinoniko the Poker (level 3, -6/37 HPs)
             Began as an Ogre Gladiator on Oct 20, 2020.
             Mangled by a gnoll
             ... wielding a +0 halberd
              (14 damage)
             ... on level 2 of the Dungeon.
             The game lasted 00:02:05 (1000 turns).

Kinoniko the Poker (Ogre Gladiator)                 Turns: 1000, Time: 00:02:05

Health: -6/37      AC:  5    Str: 19    XL:     3   Next: 39%
Magic:  3/3        EV: 10    Int:  9    God:
Gold:   37         SH:  0    Dex: 10    Spells: 2/2 levels left

rFire    + . .     SeeInvis .   a - +0 trident
rCold    + . .     Faith    .   (no shield)
rNeg     . . .     Spirit   .   b - +0 robe
rPois    +         Reflect  .   o - +2 hat
rElec    +         Harm     .   n - scarf {shadows}
rCorr    +         Rampage  .   (gloves unavailable)
MR       .....                  (boots unavailable)
Stlth    +.........             (no amulet)
HPRegen  0.12/turn              (no ring)
MPRegen  0.08/turn              (no ring)

@: resistant
A: large, unfitting armour, tough skin 1
a: no special abilities


You were on level 2 of the Dungeon.
You visited 1 branch of the dungeon, and saw 2 of its levels.

You collected 37 gold pieces.

Inventory:

Hand Weapons
 a - a +0 trident (weapon)
Missiles
 d - 3 throwing nets
 e - 2 poisoned darts (quivered)
 k - 50 stones
 l - 8 boomerangs
Armour
 b - a +0 robe (worn)
 c - a +0 hat
 n - a scarf of shadows (worn)
 o - a +2 hat (worn)
Jewellery
 i - a +4 ring of protection {unknown}
 j - an uncursed ring of flight {unknown}
Scrolls
 f - 4 scrolls of identify {unknown}
 h - 4 scrolls of amnesia {unknown}
 m - a scroll of teleportation {unknown}


   Skills:
 + Level 3.4 Fighting
 * Level 3.7 Polearms
 + Level 2.4 Throwing
 - Level 2.6 Dodging


You had 2 spell levels left.
You didn't know any spells.
Your spell library was empty.

Dungeon Overview and Level Annotations

Branches:
Dungeon (2/15)

Altars:


Innate Abilities, Weirdness & Mutations

You are too large for most types of armour.
You have tough skin. (AC +1)


Message History

You reach to attack!
You hit the gnoll but do no damage. The gnoll barely misses you.
Attack whom?
Press: ? - help, Dir - move target cursor, f/p - gnoll
Aim: a gnoll, wielding a +0 halberd You reach to attack!
You closely miss the gnoll. The gnoll barely misses you.
Attack whom?
Press: ? - help, Dir - move target cursor, f/p - gnoll
Aim: a gnoll, wielding a +0 halberd You reach to attack!
You barely miss the gnoll. The gnoll closely misses you.
Attack whom?
Press: ? - help, Dir - move target cursor, f/p - gnoll
Aim: a gnoll, wielding a +0 halberd You reach to attack!
You closely miss the gnoll. The gnoll closely misses you.
Attack whom?
Press: ? - help, Dir - move target cursor, f/p - gnoll
Aim: a gnoll, wielding a +0 halberd You reach to attack!
You barely miss the gnoll.
The gnoll hits you from afar with a +0 halberd!
You die...

(. #.....................#
.(. #.....#.........†.....#
((..#....†#..#.#.#'########
....#.....##.#.#.#.#
...(...(.+.>....#.#
###......####.###.###
#......# .#.....#
#.)...(#### #####.##
#.......)@# #......#
.((...(..g#.# #.###..#
####......#.# #. #..#
######.#.# #.###..# #.#.#
#......# ..#.# #..###.#
###.#.#..# #.# #.#.#..###.#
#........#.#


You could see a gnoll.

Vanquished Creatures
  2 gnolls (D:2)
  A dart slug (D:1)
  A giant cockroach (D:1)
  A goblin (D:1)
  3 hobgoblins (D:1)
  2 kobolds
  A quokka (D:2)
  A bat (D:1)
  2 frilled lizards (D:2)
  3 rats
17 creatures vanquished.

Notes
Turn   | Place    | Note
-------+----------+-------------------------------------------
     0 | D:1      | Kinoniko the Ogre Gladiator began the quest for the Orb.
     0 | D:1      | Reached XP level 1. HP: 22/22 MP: 1/1
   514 | D:1      | Reached XP level 2. HP: 31/31 MP: 2/2
   967 | D:2      | Reached XP level 3. HP: 7/37 MP: 3/3
  1000 | D:2      | Mangled by a gnoll

Illustrated notes

Levels and vault maps discovered:
D:1:      lemuel_arrival_rhombus, layout_basic
D:2:      layout_basic

Skill      XL: |  1 |
---------------+----+-----
Fighting       | 3 |  3.4
Polearms       | |  3.7
Throwing       | |  2.4
Dodging        | |  2.6

Action                   || total
-------------------------++-------
Melee: Trident           ||    41
Throw: Dart              ||    24
  Use: Potion            ||     3
 Stab: Sleeping          ||     1
Armor: Robe              ||    14
Dodge: Dodged            ||    22

Table legend: (Time is in decaauts)
 A = Elapsed time spent in this place.
 B = Non-inter-level travel time spent in this place.
 C = Inter-level travel time spent in this place.
 D = Time resting spent in this place.
 E = Time spent auto-exploring this place.
 F = Levels seen in this place.
 G = Mean time per level.
                   A        B        C        D        E       F      G
               +--------+--------+--------+--------+--------+-----+--------+
         Total |   1002 |    968 |     34 |     36 |    704 |   2 |  501.0 |
       Dungeon |   1002 |    968 |     34 |     36 |    704 |   2 |  501.0 |
               +--------+--------+--------+--------+--------+-----+--------+

Top non-repeatable levels by time:
     D:1: 820 daAuts
     D:2: 182 daAuts
